 Dungeon Crawl Stone Soup version 0.25-a0-98-g0cf78c2f83 (webtiles) character file.

Game seed: 14975838598792046509, levelgen mode: deterministic

238 Gargoyl the Skirmisher (level 5, -4/67 HPs)
             Began as a Centaur Abyssal Knight on Nov 13, 2019.
             Was a Believer of Lugonu.
             Slain by a gnoll
             ... wielding a +0 halberd
              (11 damage)
             ... on level 3 of the Dungeon.
             The game lasted 00:05:17 (3511 turns).

Gargoyl the Skirmisher (Centaur Abyssal Knight)     Turns: 3511, Time: 00:05:18

Health: -4/67      AC:  9    Str: 20    XL:     5   Next: 78%
Magic:  7/7        EV:  4    Int: 11    God:    Lugonu [**....]
Gold:   179        SH:  0    Dex:  9    Spells: 4/4 levels left

rFire    + . .     SeeInvis .   a - +5 hand axe
rCold    . . .     Gourm    .   (no shield)
rNeg     . . .     Faith    .   k - +0 plate armour
rPois    .         Spirit   .   (no helmet)
rElec    .         Reflect  .   (no cloak)
rCorr    .         Harm     .   (no gloves)
MR       .....                  (no barding)
Stlth    ..........             (no amulet)
HPRegen  0.21/turn              d - ring of protection from fire
MPRegen  0.10/turn              (no ring)

@: berserking, very quick
A: large, hooves 3, deformed body, speed 2, screaming 1, tough skin 3
a: Depart the Abyss, Bend Space, Renounce Religion


You were on level 3 of the Dungeon.
You worshipped Lugonu.
Lugonu was pleased with you.
You were not hungry.

You visited 1 branch of the dungeon, and saw 3 of its levels.
You visited the Abyss 1 time.

You collected 179 gold pieces.

Inventory:

Hand Weapons
 a - a +5 hand axe (weapon)
 e - the +1 great mace of Kiumaim {freeze, rElec rC+++ Int+3 Dex+3}
   (You found it on level 3 of the Abyss)

   It has been specially enchanted to freeze those struck by it, causing extra
   injury to most foes and up to half again as much damage against particularly
   susceptible opponents.
   It can also slow down cold-blooded creatures.
   It affects your intelligence (+3).
   It affects your dexterity (+3).
   It renders you almost immune to cold.
   It insulates you from electricity.
Missiles
 m - 8 silver javelins (quivered)
Armour
 k - a +0 plate armour (worn)
Jewellery
 d - a ring of protection from fire (left hand)
Wands
 f - a wand of disintegration (15)
 u - a wand of polymorph (4)
Scrolls
 b - a scroll of identify
 l - a scroll of fog
 o - a scroll of magic mapping
 r - 4 scrolls of remove curse
 s - a scroll of enchant weapon
Potions
 g - a potion of brilliance {unknown}
 h - a potion of agility {unknown}
 i - a potion of heal wounds {unknown}
 j - 2 potions of curing {unknown}
 n - a potion of mutation {unknown}
 p - a potion of cancellation {unknown}
 t - a potion of ambrosia {unknown}
Comestibles
 c - 6 rations
 v - 4 chunks of flesh


   Skills:
 + Level 3.6 Fighting
 + Level 2.0(2.5) Axes
 + Level 2.1(2.6) Maces & Flails
 * Level 2.9 Armour
 * Level 1.4 Dodging
 * Level 3.0 Invocations
 + Level 0.2 Evocations


You had 4 spell levels left.
You didn't know any spells.
Your spell library was empty.

Dungeon Overview and Level Annotations

Branches:
Dungeon (3/15)

Altars:
Okawaru


Innate Abilities, Weirdness & Mutations

You have hooves in place of feet.
Armour fits poorly on your strangely shaped body.
You cover ground very quickly.
You have extremely tough skin. (AC +3)
You occasionally shout uncontrollably at your foes.


Message History

The gnoll hits you from afar with a +0 halberd.
The gnoll hits you from afar with a +0 halberd!
* * * LOW HITPOINT WARNING * * *
Things that are here:
a +0 club; a gnoll corpse You slash the gnoll!
The gnoll is severely wounded.
The gnoll hits you but does no damage. The gnoll hits you with a +0 halberd.
* * * LOW HITPOINT WARNING * * *
You closely miss the gnoll. You kick the gnoll.
You kill the gnoll!
Lugonu accepts your kill.
Your Invocations skill increases to level 3!
You hit the gnoll. You barely miss the gnoll.
The gnoll hits you with a +0 club.
* * * LOW HITPOINT WARNING * * *
You closely miss the gnoll. You kick the gnoll!
The gnoll is heavily wounded.
You hit the gnoll. The gnoll hits you with a +0 halberd!
You die...

### ..## .).# ##.### #...#
##### ####.### .#.))##
..##...## .####@g#
........##.# ##g#
.<..#......# #.#
........#### #.##
))#####.# #>.## ..# #.##
##..# ..# #..# ###..######
..######.#######...#.....#
..##.........))..###g....#


You could see 2 gnolls.

Vanquished Creatures
  Ijyb (D:3)
  Natasha (thrice) (D:3)
  6 gnolls
  An adder (D:2)
  A worm (D:2)
  2 dart slugs (D:1)
  2 leopard geckos
  5 orcs (D:3)
  2 giant cockroaches
  5 goblins
  7 hobgoblins
  4 jackals (D:1)
  5 bats
  5 frilled lizards
  10 kobolds
  6 rats
65 creatures vanquished.

Notes
Turn   | Place    | Note
-------+----------+-------------------------------------------
     0 | Abyss:1  | Gargoyl the Centaur Abyssal Knight began the quest for the
                  | Orb.
     0 | Abyss:1  | Reached XP level 1. HP: 19/19 MP: 2/2
    61 | Abyss:3  | Found a corrupted altar of Lugonu.
    72 | Abyss:3  | Got a faintly glowing great mace
    73 | Abyss:3  | Identified the cursed +1 great mace of Kiumaim {freeze,
                  | rElec rC+++ Int+3 Dex+3} (You found it on level 3 of the
                  | Abyss)
    95 | Abyss:3  | Noticed an ancient zyme
    97 | Abyss:3  | Noticed a neqoxec
   102 | Abyss:3  | Gained mutation: You occasionally shout uncontrollably at
                  | your foes. [a neqoxec]
   102 | Abyss:3  | Noticed a green death
   126 | D:1      | Escaped the Abyss
   154 | D:1      | Reached * piety under Lugonu
   187 | D:1      | Reached XP level 2. HP: 16/26 MP: 3/3
   614 | D:1      | Reached skill level 1 in Dodging
   893 | D:1      | Reached XP level 3. HP: 31/31 MP: 4/4
  1644 | D:2      | Reached skill level 1 in Maces & Flails
  1777 | D:2      | Reached ** piety under Lugonu
  1811 | D:2      | Found an iron altar of Okawaru.
  2374 | D:2      | Reached XP level 4. HP: 15/38 MP: 5/5
  2781 | D:3      | Noticed Natasha
  2792 | D:3      | Killed Natasha
  2796 | D:3      | Noticed Natasha
  2805 | D:3      | Killed Natasha
  2805 | D:3      | Reached XP level 5. HP: 12/45 MP: 6/6
  2959 | D:3      | Noticed Natasha
  2966 | D:3      | Killed Natasha
  2980 | D:3      | Noticed Ijyb
  3166 | D:3      | Killed Ijyb
  3511 | D:3      | Slain by a gnoll

Levels and vault maps discovered:
D:1:      eino_arrival_tree_alley, layout_basic
D:2:      layout_rooms, kennysheep_okawaru_gauntlet
D:3:      layout_rooms, marbit_many_paths, lemuel_another_geyser, uniq_ijyb,
          uniq_natasha

Skill      XL: |  1  2  3  4  5 |
---------------+----------------+-----
Dodging        | 1 |  1.4
Axes           | 2 |  2.0
Maces & Flails | 1 2 |  2.1
Armour         | 2 |  2.9
Invocations    | 3 |  3.0
Fighting       | |  3.6
Evocations     | |  0.2

Action                   |  1- 3 |  4- 6 || total
-------------------------+-------+-------++-------
Melee: Great mace        |    96 |    70 ||   166
       Kick              |    14 |    17 ||    31
       Hand axe          |       |     4 ||     4
Invok: Depart the Abyss  |     1 |       ||     1
Evoke: Wand              |     5 |       ||     5
  Use: Scroll            |     8 |     1 ||     9
       Potion            |       |     1 ||     1
  Eat: Chunk             |     3 |     4 ||     7
Armor: Leather armour    |    34 |       ||    34
       Plate armour      |    60 |    71 ||   131
Dodge: Dodged            |    63 |     9 ||    72

Table legend:
 A = Non-vault XP
 B = Vault XP
 C = Vault XP percentage of total XP
 D = Non-vault monster count
 E = Vault monster count
 F = Vault count percentage of total count
                 A         B        C        D         E       F
            +---------+---------+-------+---------+---------+-------
      Total |     269 |      71 |  20.9 |      63 |       2 |   3.1
            +---------+---------+-------+---------+---------+-------
        D:1 |      51 |       0 |   0.0 |      22 |       0 |   0.0
        D:2 |      75 |       0 |   0.0 |      22 |       0 |   0.0
        D:3 |     143 |      71 |  33.2 |      19 |       2 |   9.5
            +---------+---------+-------+---------+---------+-------
